 Dungeon Crawl Stone Soup version 0.31-a0-948-gf5be29c462 (webtiles) character file.

Game seed: 18351605592956222467

394 protoss039 the Digger (level 6, 46/46 HPs)
             Began as a Demonspawn Earth Elementalist on Oct 21, 2023.
             Got out of the dungeon alive.
             The game lasted 00:04:30 (2173 turns).

protoss039 the Digger (DsEE)                        Turns: 2173, Time: 00:04:30

Health: 46/46      AC:  5    Str:  9    XL:     6   Next: 52%
Magic:  10/10      EV: 12    Int: 18    God:
Gold:   165        SH:  0    Dex: 19    Spells: 3/11 levels left

rFire   + . .        e - +5 mace of Untimely Demise {venom, rF+ rN+}
rCold   . . .        (no shield)
rNeg    + . .        i - +0 ring mail
rPois   .            (no helmet)
rElec   .            (no cloak)
rCorr   .            (no gloves)
SInv    .            (no boots)
Will    .....        (no amulet)
Stlth   ++           h - +6 ring of dexterity
HPRegen 0.27/turn    (no ring)
MPRegen 0.12/turn

%: no passive effects
@: no status effects
A: repulsion field 1, powered by pain 1, demonic magic 1
a: no special abilities


You escaped.
You visited 1 branch of the dungeon, and saw 3 of its levels.

You collected 165 gold pieces.

Inventory:

Hand Weapons
 e - the +5 mace of Untimely Demise (weapon) {venom, rF+ rN+}
   (You found it on level 2 of the Dungeon)

   rF+:       It protects you from fire.
   rN+:       It protects you from negative energy.
Armour
 d - a +0 leather armour
 i - a +0 ring mail (worn)
Jewellery
 h - a +6 ring of dexterity (left hand)
Scrolls
 c - a scroll of teleportation {unknown}
 f - a scroll of fear {unknown}
 k - a scroll of acquirement {unknown}
 l - a scroll of silence {unknown}
 m - a scroll of enchant weapon {unknown}
 n - a scroll of noise {unknown}
Potions
 a - a potion of enlightenment {unknown}
 b - a potion of magic
 g - a potion of cancellation
 j - 3 potions of mutation


   Skills:
 * Level 2.9 Fighting
 * Level 1.7 Maces & Flails
 * Level 1.9 Armour
 - Level 1.7 Dodging
 - Level 1.7 Stealth
 + Level 3.2 Spellcasting
 + Level 1.3 Conjurations
 * Level 2.1 Transmutations
 + Level 3.7 Earth Magic


You had 3 spell levels left.
You knew the following spells:

 Your Spells              Type           Power      Damage    Failure   Level
a - Sandblast             Erth           32%        2d9       10%         1
b - Passwall              Tmut/Erth      10%        N/A       21%         2
c - Stone Arrow           Conj/Erth      22%        3d8       43%         3
d - Wereblood             Tmut           10%        N/A       26%         2

Your spell library contained the following spells:

 Spells                   Type           Power      Damage    Failure   Level
 Freeze                   Ice            8%         1d3       41%         1
 Hailstorm                Conj/Ice       5%         3d4       69%         3
 Frozen Ramparts          Ice            4%         1d1       78%         3
 Ozocubu's Armour         Ice            2%         N/A       78%         3
 Petrify                  Tmut/Erth      13%        N/A       78%         4
 Brom's Barrelling Bould  Conj/Erth      11%        2d3       83%         4
 Vhi's Electric Charge    Tloc/Air       4%         N/A       99%         4
 Irradiate                Conj/Tmut      4%         3d13      99%         5
 Arcjolt                  Conj/Air       2%         1d12      100%        5
 Ozocubu's Refrigeration  Ice            1%         4d7       100%        7
 Maxwell's Capacitive Co  Air            1%         ∞         100%        8


Dungeon Overview and Level Annotations

Branches:
Dungeon (3/15) Zot: 15762

Altars:
Cheibriados
Sif Muna
Vehumet


Innate Abilities, Weirdness & Mutations

You are surrounded by a mild repulsion field. (EV +2)
You sometimes gain a little power by taking damage.
Spells you cast may paralyse adjacent enemies.


Message History

You hit the orc.
The orc is almost dead.
You kill the orc!
The orc misses you.
There are monsters nearby!
You hit the orc.
The orc is poisoned.
The orc is severely wounded.
You kill the orc!
An orc is nearby!
You thump the orc!
You kill the orc!
Found a radiant altar of Vehumet.
Items here: ))) [[[ ††.
No target in view!
Done exploring.
No target in view!
Done exploring.
No target in view!
Done exploring.
No target in view!
Done exploring.
No target in view!
Done exploring.
No target in view!
Done exploring.
Okay, then.
Unknown command.
Okay, then.
Unknown command.
What level of the Dungeon? (default 2, ? - help)
Items here: ))) [[[ ††.
There is a stone staircase leading up here.
You climb upwards.
There is a stone staircase leading down here.
There is a stone staircase leading up here.
You climb upwards.
There is a stone staircase leading down here.
There is an open door here.
There is a staircase leading out of the dungeon here.
You have escaped!

..######.......##.........######
...##......#...................#
.......##..#.#'###########'#.###
...........#.#.#.#♣♣♣♣♣#.#.#.#
...........#.#.............#.#
.............#..♣..♣.♣..♣..#.#
.............#≈#♣♣..~..♣♣#~#.#
.............#≈#P♣.~~~.♣P#≈#.#
.............#≈#@..~8~..>#≈#.#
............†#≈#P♣.~~~.♣P#≈#.#
...........(.#~#♣♣..~..♣♣#~#.#
........†..†.#..♣..♣.♣..♣..#.#
.............#.............###
.............#.#.#♣♣♣♣♣#.#.#
...>.........#+###########'##
............................#
....................#########


There were no monsters in sight!

Vanquished Creatures
  Grinder (D:3)
  An orc priest (D:3)
  Terence (D:2)
  An orc wizard (D:3)
  4 adders
  A dart slug (D:3)
  13 orcs (D:3)
  6 bats
  3 endoplasms
  3 giant cockroaches
  6 goblins
  8 hobgoblins
  6 jackals
  5 kobolds
  4 ball pythons
  3 frilled lizards
  10 rats
76 creatures vanquished.

Notes
Turn   | Place    | Note
-------+----------+-------------------------------------------
     0 | D:1      | protoss039 the Demonspawn Earth Elementalist began the
                  | quest for the Orb.
     0 | D:1      | Reached XP level 1. HP: 13/13 MP: 3/3
   214 | D:2      | Identified the +5 mace of Untimely Demise {venom, rF+ rN+}
   232 | D:1      | Gained mutation: You are surrounded by a mild repulsion
                  | field. (EV +2) [demonic ancestry]
   232 | D:1      | Reached XP level 2. HP: 19/20 MP: 5/5
   246 | D:1      | Reached skill level 1 in Fighting
   484 | D:1      | Reached XP level 3. HP: 21/26 MP: 6/6
   551 | D:1      | Learned a level 2 spell: Passwall
   663 | D:2      | Noticed Terence
   673 | D:2      | Killed Terence
   776 | D:2      | Learned a level 2 spell: Wereblood
   810 | D:2      | Gained mutation: Spells you cast may paralyse adjacent
                  | enemies. [demonic ancestry]
   810 | D:2      | Reached XP level 4. HP: 29/33 MP: 8/8
   963 | D:2      | Learned a level 3 spell: Stone Arrow
  1083 | D:3      | Reached skill level 1 in Transmutations
  1147 | D:3      | Noticed Grinder
  1166 | D:3      | Killed Grinder
  1167 | D:3      | Reached skill level 1 in Maces & Flails
  1167 | D:3      | Reached skill level 1 in Armour
  1167 | D:3      | Reached skill level 1 in Conjurations
  1167 | D:3      | Reached XP level 5. HP: 22/39 MP: 9/9
  1167 | D:3      | Gained mutation: You sometimes gain a little power by
                  | taking damage. [demonic ancestry]
  1167 | D:3      | Reached XP level 6. HP: 26/46 MP: 10/10
  1685 | D:3      | Found a shimmering blue altar of Sif Muna.
  1842 | D:3      | Found a snail-covered altar of Cheibriados.
  2074 | D:3      | Found a radiant altar of Vehumet.
  2173 | D:$      | Got out of the dungeon alive.

Illustrated notes

Levels and vault maps discovered:
D:1:      tarquinn_simple_flora_water_b, layout_rooms
D:2:      layout_basic, grunt_decor_junction, uniq_terence
D:3:      layout_loops_ring, mainiacjoe_overflow_tiny_flanked,
          kennysheep_slug_shrine, mainiacjoe_overflow_alcove_2, uniq_grinder

Skill      XL: |  1  2  3  4  5  6 |
---------------+-------------------+-----
Fighting       | 1 2 |  2.9
Earth Magic    | 3 |  3.7
Transmutations | 1 2 |  2.1
Maces & Flails | 1 |  1.7
Armour         | 1 |  1.9
Spellcasting   | 3 |  3.2
Conjurations   | 1 |  1.3
Dodging        | |  1.7
Stealth        | |  1.7

Action                     |  1- 3 |  4- 6 || total
---------------------------+-------+-------++-------
  Melee: Mace              |    72 |    80 ||   152
         Unarmed           |     1 |       ||     1
         Punch             |       |     1 ||     1
   Cast: Sandblast         |     8 |     2 ||    10
    Use: Scroll            |       |     2 ||     2
   Stab: Sleeping          |       |     2 ||     2
 Armour: Robe              |    14 |       ||    14
         Leather armour    |    18 |       ||    18
         Ring mail         |    18 |    54 ||    72
  Dodge: Dodged            |    82 |    54 ||   136

Table legend: (Time is in decaauts)
 A = Elapsed time spent in this place.
 B = Non-inter-level travel time spent in this place.
 C = Inter-level travel time spent in this place.
 D = Time resting spent in this place.
 E = Time spent auto-exploring this place.
 F = Levels seen in this place.
 G = Mean time per level.
                   A        B        C        D        E       F      G
               +--------+--------+--------+--------+--------+-----+--------+
         Total |   2237 |   2092 |    145 |    144 |   1423 |   3 |  745.7 |
       Dungeon |   2237 |   2092 |    145 |    144 |   1423 |   3 |  745.7 |
               +--------+--------+--------+--------+--------+-----+--------+

Top non-repeatable levels by time:
     D:3: 1097 daAuts
     D:1: 629 daAuts
     D:2: 510 daAuts
